Workbook

Sheet IGF
A1: EXPENDITURE
A2: INTERNALLY GENERATED FUND (IGF) AND STOOL LAND REVENUES = (GH₵3,522,431.40)
A3: PROGRAMME : MANAGEMENT AND ADMINISTRATION
A4: SUB-PROGRAMME : SP1.1 General Administration
A5: BUDGET LINE | B5: CODE | C5: QTY | D5: UNIT COST (GH¢) | E5: TOTAL COST(GH¢) | F5: JUSTIFICATION
A6: Provision for Allowances/ Honorarium | B6: 2111248 | C6: 12 | D6: 500 | E6: =D6*C6 -> 6000 | F6: To cater for the allowance & honorarium for workdone
A7: Transfer Grant | B7: 2111243 | C7: 4 | D7: 10000 | E7: =D7*C7 -> 40000 | F7: To cater for Non-availability & grants
A8: Commissions | B8: 2111225 | C8: 12 | D8: 16700 | E8: =D8*C8 -> 200400 | F8: To pay for revenue consultants & commission collectors
A9: Contributions | B9: 2821010 | C9: 12 | D9: 5000 | E9: =C9*D9 -> 60000 | F9: To support in communities activities
A10: Donation | B10: 2821009 | C10: 12 | D10: 7000 | E10: =D10*C10 -> 84000 | F10: To support activities of organisations and groups
A11: Stationery | B11: 2210101 | C11: 2 | D11: 30000 | E11: =D11*C11 -> 60000 | F11: To procure stationery for office use
A12: Refreshment Items | B12: 2210103 | C12: 4 | D12: 5000 | E12: =C12*D12 -> 20000 | F12: Purchase of food stuffs to official guests
A13: Electricity charges | B13: 2210201 | C13: 12 | D13: 17000 | E13: =C13*D13 -> 204000 | F13: To pay for Electricity bills
A14: Water charges | B14: 2210202 | C14: 12 | D14: 600 | E14: =D14*C14 -> 7200 | F14: To pay for water bills
A15: Internet charges | B15: 2210203 | C15: 12 | D15: 400 | E15: =D15*C15 -> 4800 | F15: To pay for communication charges
A16: Postal charges | B16: 2210204 | C16: 12 | D16: 170 | E16: =D16*C16 -> 2040 | F16: To pay for postal charges
A17: Bank Charges | B17: 2211011 | C17: 1 | D17: 2000 | E17: =D17*C17 -> 2000 | F17: To cater for bank charges
A18: Hotel Accommodation | B18: 2210404 | C18: 12 | D18: 3750 | E18: =D18*C18 -> 45000 | F18: Accommodation for official guests
A19: Residential Accommodation | B19: 2210402 | C19: 4 | D19: 3000 | E19: =D19*C19 -> 12000 | F19: Rent of accommodation for newly posted staff
A20: Office Accommodation | B20: 2210401 | C20: 4 | D20: 3750 | E20: =D20*C20 -> 15000 | F20: Rent of Office for area councils, dept, unit, etc
A21: Rental of other Transport | B21: 2210406 | C21: 1 | D21: 32040 | E21: =D21*C21 -> 32040 | F21: To pay for rent of vehicles for official travels
A22: Local Travel Cost | B22: 2210511 | C22: 12 | D22: 7500 | E22: =C22*D22 -> 90000 | F22: T&T for workshops, meetings, monitoring etc
A23: Night Allowance | B23: 2210510 | C23: 12 | D23: 8500 | E23: =C23*D23 -> 102000 | F23: Allowance for spending a night out of the home
A24: Fuel & Rubricant | B24: 2210503 | C24: 12 | D24: 7000 | E24: =C24*D24 -> 84000 | F24: To cater for rubrication & routine servicing of official vehicles
A25: Maint. & Repairs of official vehicle | B25: 2210502 | C25: 12 | D25: 5000 | E25: =C25*D25 -> 60000 | F25: To cater for general maintenance & repairs of official vehicles
A26: Running Cost | B26: 2210505 | C26: 52 | D26: 3800 | E26: =C26*D26 -> 197600 | F26: Fuel for official vehicles
A27: Maintenace of office equipment | B27: 2210623 | C27: 12 | D27: 2000 | E27: =C27*D27 -> 24000 | F27: Repairs of office equipment
A28: Purchase of petty tools | B28: 2210120 | C28: 4 | D28: 750 | E28: =C28*D28 -> 3000 | F28: For locks, pins, extension boards
A29: Repairs of street light and Purchase of poles to communities | B29: 2210617 | C29: 4 | D29: 13750 | E29: =C29*D29 -> 55000 | F29: To repair of street lights in communities to make them safe at night.
A30: Refreshments | B30: 2210708 | C30: 52 | D30: 1300 | E30: =C30*D30 -> 67600 | F30: Refreshments for meetings, official guest,
A31: Provision for official Day Celebrations | B31: 2210902 | C31: 6 | D31: 2600 | E31: =C31*D31 -> 15600 | F31: Organization and celebration of all statutory occasions (May day, 6th March, )
A32: Staff Welfare | B32: 2731102 | C32: 4 | D32: 5000 | E32: =C32*D32 -> 20000 | F32: To promote the welfare of staff
A33: Bibiani/Bekwai market stores rehabilitation | B33: 3111304 | C33: 1 | D33: 100000 | E33: =C33*D33 -> 100000 | F33: To improve conditions of the market stores & promote their lifespan and enhance IGF mobilization
A34: Self-help & community initiative projects | B34: 2210108 | C34: 2 | D34: 29952.8 | E34: =C34*D34 -> 59905.6 | F34: To assist communities to complete their self-initiated projects
A35: Unplanned activities | B35: 2211202 | C35: 1 | D35: 104699.04 | E35: 50000 | F35: To cater for unbudgeted activities | G35: =E35+41456 -> 91456
A36: RADIO
A37: Procurement of Air conditioner(2.OHP) and Steel cabinet | B37: 3112212 | C37: 1 | D37: 3900 | E37: =D37*C37 -> 3900 | F37: The air conditioner is needed to cool the radio equipment and keep filed messages
A38: STATISTIC DEPARTMENT
A39: Conduct of monthly market readings at Sefwi Bekwai | B39: 2210511 | C39: 12 | D39: 250 | E39: =C39*D39 -> 3000 | F39: Payment of allowance for two statisticians and a driver
A40: Conduct of Municipal wide Business Registration update | B40: 2210709 | C40: 1 | D40: 5000 | E40: =D40*C40 -> 5000 | F40: the exercise will provide update to the existing database for the Assembly Annual Fee-Fixing
A41: SUB-PROGRAMME : SP1.3: Human Resource Management
A42: Training, sensitization and orientation. | B42: 2210710 | C42: 4 | D42: 4250 | E42: =C42*D42 -> 17000 | F42: To bridge capacity gap
A43: Promotion activities | B43: 2210709 | C43: 17 | D43: 300 | E43: 5100 | F43: Promotion fee for no. of staff due for promotion in the 2022 administrative year.
A44: Overtime Allowance | B44: 2111238 | C44: 12 | D44: 558 | E44: =D44*C44 -> 6696 | F44: For watchmen & cleaners
A45: Official trips to lgs,cagd | B45: 2210509 | C45: 12 | D45: 810 | E45: =D45*C45 -> 9720 | F45: To send input forms and official correpondence to lgs and cagd.
A46: Staff validation, hrmis,sending data via internet | B46: 2210203 | C46: 12 | D46: 200 | E46: =D46*C46 -> 2400 | F46: To purchase data for monthly staff validation, updating and back up of hrmis and sending of data, staff information via internet to lgs and rcc
A47: Monthly paid & casual labour | B47: 2111102 | C47: 12 | D47: 27500 | E47: =C47*D47 -> 330000 | F47: To pay for wages assembly’s local staff
A48: 13% ssf contribution | B48: 2121001 | C48: 12 | D48: 3575 | E48: =C48*D48 -> 42900 | F48: To pay for ssnit contribution of local staff
A49: SUB-PROGRAMME :SP1.4 Planning, Budgeting, Monitoring and Evaluation and Statistics
A50: Provision for preparation of 2024 Composite Budget and Fee-fixing resolution | B50: 2210709 | C50: 1 | D50: 8000 | E50: =C50*D50 -> 8000 | F50: To cater for all activities related to the preparation of the 2023 Composite Budget
A51: Implementation of MPCU programme of action and activities | B51: 2210709 | C51: 4 | D51: 2000 | E51: =C51*D51 -> 8000 | F51: This amount is meant to meet the cost of conducting MPCU Quarterly Meetings, MPCU Quarterly Monitoring& Evaluation, Participatory M&E and other activities of the MPCU for 2022
A52: Organisation of Town Hall Meetings | B52: 2210711 | C52: 2 | D52: 5000 | E52: =C52*D52 -> 10000 | F52: This amount is meant to meet the cost of conducting Mandatory First and Third Quarter Town Hall Meetings for 2022
A53: Organisation of Meet the Press Series | B53: 2210711 | C53: 2 | D53: 5000 | E53: =C53*D53 -> 10000 | F53: This amount is meant to meet the cost of conducting Two Meet the Press Series to deepen popular participation and ensure social accountability for 2022
A54: Monitoring and Evaluation activities | B54: 2210709 | C54: 1 | D54: 40000 | E54: =D54*C54 -> 40000 | F54: This amount is meant to meet the cost of monitoring and evaluation activities
A55: Traveling Cost | B55: 2210511 | C55: 12 | D55: 700 | E55: =D55*C55 -> 8400 | F55: T&T for the submission of monthly progress report
A56: Support to GIZ Programmes | B56: 2210709 | C56: 1 | D56: 31489.4 | E56: =C56*D56 -> 31489.4 | F56: To support collaborative programme with GIZ
A57: Implementation of revenue mobilization improvement action plan | B57: 2210711 | C57: 1 | D57: 8247.2 | E57: =D57*C57 -> 8247.2 | F57: To cater for the implementation of RIAP in order to improve IGF performance
A58: SP1.5 Legislative Oversights
A59: Meetings (General Assembly& Other meetings) | B59: 2210709 | C59: 4 | D59: 60000 | E59: =D59*C59 -> 240000 | F59: To service AG, Exco and sub committee meetings
A60: Gazzeting of Fee-Fixing | B60: 2210910 | C60: 1 | D60: 25000 | E60: =D60*C60 -> 25000 | F60: To pay for gazzeting of fee-fixing resolution & Bye laws to ensure good governance
A61: Support to Traditional Authorities | B61: 2821009 | C61: 4 | D61: 5000 | E61: =D61*C61 -> 20000 | F61: Payment to support Traditional Authorities
A64: PROCUREMENT AND STORES
A65: Office Facilities, Supplies & Accessories | B65: 2210102 | C65: 2 | D65: 2500 | E65: =D65*C65 -> 5000 | F65: Photocopier and Scanner
A66: Procurement of Security Uniforms and Cloth for Assembly | B66: 2210121 | C66: 2 | D66: 7000 | E66: =D66*C66 -> 14000 | F66: To procurement Security Uniforms and Cloth for Assembly
A67: Workshop | B67: 2210710 | C67: 4 | D67: 1000 | E67: =D67*C67 -> 4000 | F67: To acquire knowledge on new things borthering our work or to be more innovative. | G67: =#REF!/4 -> #REF!
A68: Publicity/Advertisement | B68: 2210910 | C68: 4 | D68: 2500 | E68: =D68*C68 -> 10000 | F68: Advertisement on new projects in the print media and Public Procurement Authority website.
A69: MIS
A70: Office Facilities, Supplies & Accessories | B70: 2210102 | C70: 2 | D70: 42500 | E70: =D70*C70 -> 85000 | F70: To procure MTN turbonet Router, monthly internet subscription, networking of ten offices
A71: SUB-PROGRAMME : SP1.2: Finance and Audit
A72: Local travel cost | B72: 2210511 | C72: 12 | D72: 1500 | E72: =D72*C72 -> 18000 | F72: T&t for monthly report submission
A73: Value Books | B73: 2210122 | C73: 4 | D73: 4000 | E73: =D73*C73 -> 16000 | F73: To pay for the GCR, & other materials
A74: Clothing & Uniforms | B74: 2210121 | C74: 1 | D74: 5000 | E74: =D74*C74 -> 5000 | F74: To pay for the uniforms for Sweepers & Revenue Collectors
A75: PROGRAMME : INFRASTRUCTURE DELIVERY AND MANAGEMENT
A76: SUB-PROGRAMME : SP3.1 Roads and Transport services
A77: Rehabilitation/Reshaping of feeder roads (20km) | B77: 2210601 | C77: 4 | D77: 17550 | E77: =C77*D77 -> 70200 | F77: To cater for fuel and lubricants to undertake reshaping of 20km feeder roads in the municipality and also build some culvert.
A78: SP3.2 Physical and Spatial Planning Development
A79: Local travel cost | B79: 2210509 | E79: 5000
A80: Organizing technical sub committee, spatial planning committee meetings and site inspection exercise | B80: 2210709 | C80: 10 | D80: 2200 | E80: =C80*D80 -> 22000 | G80: =E80/10 -> 2200
A81: Acquisition of lands ,base maps etc | B81: 3141101 | C81: 1 | D81: 130000 | E81: =C81*D81 -> 130000 | F81: To pay for land compensation
A82: Valuation & Re- valuation of properties | B82: 2210908 | C82: 1 | D82: 50000 | E82: =D82*C82 -> 50000 | F82: To re-value residential and commecial properties in the Municipality
A83: Landscaping & Gardening | B83: 3113103 | C83: 1 | D83: 2000 | E83: =D83*C83 -> 2000 | F83: For landscaping activities
A84: SUB-PROGRAMME : SP3.3 Public Works, Rural Housing and Water Management
A85: Meeting | B85: 2210709 | C85: 3 | D85: 150 | E85: =D85*C85 -> 450 | F85: To cater for allowance of departmental meeting
A86: Supervision | B86: 2210511 | C86: 4 | D86: 5000 | E86: =C86*D86 -> 20000 | F86: To cater for allowance to undertake supervision works (EPA)
A87: Provision for vehicle insurance cover | B87: 2211304 | C87: 1 | D87: 30000 | E87: =C87*D87 -> 30000 | F87: To pay for insurance cover of the official vehicles
A88: Data collection on termporal structures and bill boards | B88: 2210511 | C88: 5 | D88: 1000 | E88: =C88*D88 -> 5000 | F88: To cater for allowance to undertake supervison and inventory
A89: Fuel &Lubricant | B89: 2210503 | C89: 4 | D89: 2500 | E89: =D89*C89 -> 10000 | F89: The amount is to cater for fuel & lubricant to undertake supervion and inventory works
A90: Office Equipments &logistics | B90: 2210102 | C90: 2 | D90: 3510.1 | E90: =D90*C90 -> 7020.2 | F90: To procure office printer and desktop computer to enhance productivity.
A91: Maintenance of Official Vehicles | B91: 2210502 | C91: 4 | D91: 8319 | E91: =D91*C91 -> 33276 | F91: Repairs & servicing of official vehicles
A92: Local travel cost | B92: 2210511 | C92: 12 | D92: 416 | E92: =D92*C92 -> 4992
A93: Const. of Area council office at Bibiani and Bekwai | B93: 3111255 | C93: 1 | D93: 203505 | E93: =D93*C93 -> 203505 | F93: To accommodate officers
A94: Renovation of staff bungalows | B94: 3111103 | C94: 2 | D94: 20000 | E94: =D94*C94 -> 40000 | F94: To help retain staff to improve productivity
A95: PROGRAMME : SOCIAL SERVICES DELIVERY
A96: SUB-PROGRAMME : SP2.1 Education, youth & sports and Library services
A97: Monitoring of School Progress and Activities | B97: 2821010 | C97: 1 | D97: 8000 | E97: =D97*C97 -> 8000 | F97: To ensure strict Adherence to Professional Standards and Ethtics
A98: SP2.3 Environmental Health and sanitation Services
A99: Procurement of 2 No. refuse containers and sanitary tools | B99: 2210616 | C99: 2 | D99: 14000 | E99: =D99*C99 -> 28000 | F99: To prevent spill overs
A100: Cleaning Materials | B100: 2210301 | C100: 12 | D100: 712.5 | E100: =D100*C100 -> 8550 | F100: To buy toiletries for the cleaning of the offices
A101: Local travel cost | B101: 2210511 | C101: 4 | D101: 1000 | E101: =D101*C101 -> 4000
A102: Solid and Liquid Waste Management | B102: 2210612 | C102: 12 | D102: 2000 | E102: =D102*C102 -> 24000 | F102: Pushing of refuse /Disloging of toilets
...

Sheet DACF and MP
A2: DISTRICT ASSEMBLY COMMON FUND (DACF) =(GH₵2,605,136.67)
A3: BUDGET LINE | B3: CODE | C3: QTY | D3: UNIT COST (GH¢) | E3: TOTAL COST(GH¢) | F3: JUSTIFICATION
A4: MANDATORY ALLOCATIONS
A5: Self-help and community initiated projects (5%) | B5: 2821010 | C5: 1 | D5: 130256.83 | E5: =D5*C5 -> 130256.83 | F5: To assist communities to complete their self-initiated projects
A6: Support for District Education Fund (2%)= 52,102.73
A7: Organise STMIE camping for 10 Selected Pupils in the Municipal | B7: 2821010 | C7: 1 | D7: 10000 | E7: =D7*C7 -> 10000 | F7: This will help to identify and nurture young innovators to add value to the country's resources
A8: Organise Sports Festival for Basic Schools in the Municipal and SHEP Exercise | B8: 2821010 | C8: 1 | D8: 15000 | E8: =D8*C8 -> 15000 | F8: The essence of sports is develop the motor skills, build Self - Confidence and harnes future athetes
A9: Workshop on Girl Child | B9: 2210710 | C9: 1 | D9: 7102.73 | E9: =D9*C9 -> 7102.73 | F9: This would ensure the retention of girl child in our schools
A10: Organize Mock Exams | B10: 2821010 | C10: 1 | D10: 15000 | E10: =D10*C10 -> 15000 | F10: Cultural activities expose pupils to their traditions and norms and build their confidence
A11: Monitoring of School Progress and Activities (My First Day at School) | B11: 2821010 | C11: 1 | D11: 5000 | E11: =C11*D11 -> 5000 | F11: To ensure strict Adherence to Professional Standards and Ethitics
A12: Support for Town/Zonal Councils (2%) = GH 52,102.73
A13: Support to Area council activities | B13: 2821010 | C13: 1 | D13: 52102.73 | E13: =D13*C13 -> 52102.73 | F13: For effective running and strenthening of zonal councils
A14: Support For Malaria programmes (0.5%) = GH 13,025.68
A15: Malaria programmes (0.5%) | B15: 2821010 | C15: 1 | D15: 13025.68 | E15: =D15*C15 -> 13025.68 | F15: To support malaria control program in the Municipality
A16: ECONOMIC
A17: TRADE AND INDUSTRY (BAC)
A18: Construction of Slaughter House (PPP) | B18: 3111257 | C18: 1 | D18: 250000 | E18: =C18*D18 -> 250000
A19: Rehabilitation of Bibiani and Bekwai Markets | B19: 3111354 | C19: 1 | D19: 100000 | E19: =C19*D19 -> 100000 | F19: To enhance economic activities.
A20: Construction of 20No. Market shed at Wenchi | B20: 3111354 | C20: 1 | D20: 200000 | E20: =C20*D20 -> 200000 | F20: To enhance economic activities.
A21: Support to Local Economic Development | B21: 2821010 | C21: 1 | D21: 50000 | E21: =C21*D21 -> 50000
A22: ENERGY
A23: Purcahse of Generator | B23: 3112206 | C23: 1 | D23: 50000 | E23: =C23*D23 -> 50000
A24: Supply,Installation and maintenance of street lights | B24: 2210617 | C24: 1 | D24: 100000 | E24: =D24*C24 -> 100000 | F24: To repair of street lights in communities to make them safe at night.
A25: AGRICULTURE
A26: Organization of annual Farmers Day celebration | B26: 2210902 | C26: 1 | D26: 70000 | E26: =D26*C26 -> 70000 | F26: Support to the Agric Dept. for the Farmers Day celebration in the district
A27: Support for planting for food, jobs & investment and other agricultural programmes | B27: 2821010 | C27: 1 | D27: 55000 | E27: =D27*C27 -> 55000 | F27: To support planting for food, jobs & investment activities through technical Support
A28: SERVICE
A29: Valuation & Re- valuation of properties | B29: 2210908 | C29: 1 | D29: 40000 | E29: =D29*C29 -> 40000 | F29: To re-value residential and commecial properties in the Municipality
A30: Provision for official Day Celebrations | B30: 2210902 | C30: 2 | D30: 40000 | E30: =D30*C30 -> 80000 | F30: Organization and celebration of all statutory occasions
A31: Support to other Departments of the Assembly | B31: 2821010 | C31: 1 | D31: 40000 | E31: =D31*C31 -> 40000 | F31: Fire service,Police, Immigration, Forestry etc.
A32: Support for MUSEC activities | B32: 2210709 | C32: 1 | D32: 56953.47 | E32: =D32*C32 -> 56953.47 | F32: To help combact crimes in the Municipality
A33: Support to 2024 Election Activities | B33: 2821010 | C33: 1 | D33: 50000 | E33: =D33*C33 -> 50000 | F33: To maintain peace before,during and after election.
A34: Street naming and property numbering | B34: 2821018 | C34: 1 | D34: 40000 | E34: =D34*C34 -> 40000 | F34: To improve accessibility in the town and improve IGF
A35: Bank Charges | B35: 2211101 | C35: 1 | D35: 2000 | E35: =D35*C35 -> 2000 | F35: To cater for bank charges
A36: Support to disaster victims | B36: 2821010 | C36: 1 | D36: 40000 | E36: 40000 | F36: To enable NADMO respond to and mitigate the impact of disasters on people, and to celebrate World Disaster Day
A37: ROADS
A38: Reshaping/Rehabilitation of 100km Feeder roads in the Municipal | B38: 2210601 | C38: 1 | D38: 216031.48 | E38: 216031.48 | F38: To cater for fuel and lubricants to undertake reshaping of 100km feeder roads in the municipality and also build some culverts
A39: SOCIAL SECTOR
A40: HEALTH
A41: Support to HIV/AIDs related activities | B41: 2210711 | C41: 1 | D41: 19249.41 | E41: =C41*D41 -> 19249.41 | F41: To support HIV/AIDs control program in the Municipality
A42: WATER
A43: Rehabilitation of 6No.boreholes | B43: 3113110 | C43: 1 | D43: 30000 | E43: =D43*C43 -> 30000 | F43: To help repair broken down boreholes in the Municipality
A44: ADMINISTRATION 10% = ( GHC 260,513.67)
A46: Rehabilitate and refurbish Assembly Hall and provide two modern urinals | B46: 2210612 | C46: 1 | D46: 100000 | E46: =C46*D46 -> 100000 | F46: To bring the Assembly to its befitting status
A47: Renovation of Assembly's Bungalows and Offices | B47: 2210602 | C47: 1 | D47: 107743.25 | E47: =C47*D47 -> 107743.25 | F47: To motivate and encourage staff to stay and work
A48: Procurement of Furnitures for offices | B48: 3113160 | C48: 1 | D48: 52770.42 | E48: =C48*D48 -> 52770.42 | F48: For officers to have sitting place
A49: RECURRENT 10% = ( GH₵ 260,513.67)
A50: HUMAN RESOURCE DEV'T
A51: Training, Sensitization and Workshop | B51: 2210710 | C51: 1 | D51: 40000 | E51: =D51*C51 -> 40000 | F51: To Bridge Capacity Gap
A52: Provision for office materials (Stationaries) | B52: 2210111 | C52: 1 | D52: 16819.01 | E52: =D52*C52 -> 16819.01 | F52: Office Facilities, Supplies & Accessories
A53: EQUIPMENT
A54: Procurement of logistics (2-No servers, UPS & Networking Equipments and Canon Photocopier) | B54: 3112204 | C54: 1 | D54: 18250 | E54: =D54*C54 -> 18250 | F54: building of Intercom, Website Installation and effective running of the office
A55: Office Facilities, Supplies & Accessories | B55: 3112208 | C55: 1 | D55: 25000 | E55: =D55*C55 -> 25000 | F55: To procure 4 desktop, 3 laptop computers, 4 printers,
A56: Maintenance of general equipment | B56: 2210606 | C56: 1 | D56: 20444.66 | E56: =D56*C56 -> 20444.66 | F56: This is to cater for maintenance of office equipment
A57: Maintenance of vehicle | B57: 2210505 | C57: 2 | D57: 10500 | E57: =D57*C57 -> 21000 | F57: To cater for general maintenance & repairs of official vehicles
A58: PROJECT MANAGEMENT
A59: Provision for preparation of Mid Year Review, 2024 Composite Budget and Fee-fixing Resolution | B59: 2210709 | C59: 1 | D59: 25000 | E59: =D59*C59 -> 25000 | F59: To cater for all activities related to the preparation of the 2024 Composite Budget
A60: Stakeholder and Community engagement on plan and Budget Implementation | B60: 2210711 | C60: 1 | D60: 30000 | E60: =C60*D60 -> 30000 | F60: Promote accountability
A61: Project Monitoring and Evaluation | B61: 2210709 | C61: 4 | D61: 8000 | E61: =C61*D61 -> 32000 | F61: Effective project implementation
A62: Provision for MPCU and preparation of 2024 Plan and activities | B62: 2210709 | C62: 4 | D62: 5000 | E62: =D62*C62 -> 20000 | F62: This amount is meant to meet the cost of MPCU, Monitoring and Evaluation
A63: Installation and Maintainance of software/local consultants fees | B63: 2210801 | C63: 1 | D63: 12000 | E63: =D63*C63 -> 12000 | F63: To update and maintain softwares for official activities
A64: ENVIRONMENT
A65: SANITATION
A66: Fuel | B66: 2210503 | C66: 1 | D66: 88387 | E66: =D66*C66 -> 88387
A67: Contract with ZOOMLION/ WASTE LANDFILL LTD (Pushing and Leveling of Final Disposal Site) | B67: 2210302 | C67: 1 | D67: 80000 | E67: =D67*C67 -> 80000 | F67: To waste landfill activities
A68: Solid & Liquid Waste Management | B68: 2210205 | C68: 2 | D68: 45000 | E68: =D68*C68 -> 90000 | F68: To manage final disposal site
A69: Sanitation equipment to the Environmental Health unit | B69: 2210301 | C69: 1 | D69: 4000 | E69: =D69*C69 -> 4000 | F69: To combact Covid-19 pandamic
A70: Completion of 1No. 12 seater Toilet Facility at Wenchi | C70: 1 | D70: 75000 | E70: =D70*C70 -> 75000
A71: Procurement of 1 Ambient Metre for Controlling Noise | B71: 2210709 | C71: 1 | D71: 10000 | E71: =C71*D71 -> 10000
A72: SUB-TOTAL | E72: =SUM(E5:E71) -> 2605136.7 | F72: GH₵2,605,136.67
A73: MP's CF = GH₵ 600,000.00
A74: Support to Education | B74: 2821010 | C74: 4 | D74: 20000 | E74: =D74*C74 -> 80000 | F74: Support to brilliant but needy students | G74: =#REF!/6 -> #REF!
A75: Contributions | B75: 2821010 | C75: 12 | D75: 5300 | E75: =D75*C75 -> 63600 | F75: To support in communities' activities | G75: =#REF!/12 -> #REF!
A76: Medical Support | B76: 2821009 | C76: 6 | D76: 3334 | E76: =D76*C76 -> 20004 | F76: To assist needy people pay their medical bills | G76: =#REF!/6 -> #REF!
A77: Bank charges | B77: 2211101 | C77: 1 | D77: 1400 | E77: =D77*C77 -> 1400 | F77: To cater for bank charges
A78: Support Vulnerable to get NHIS Cards | B78: 2821009 | C78: 1 | D78: 20596 | E78: =D78*C78 -> 20596 | F78: To assist needy people
A79: Support to MPs Developmental project | B79: 3111255 | C79: 1 | D79: 180000 | E79: =D79*C79 -> 180000
A80: Donation | B80: 2821009 | C80: 5 | D80: 10000 | E80: =D80*C80 -> 50000 | F80: To support activities of organisations and groups
A81: Support to MPs Developmental project (Water) | B81: 3113162 | C81: 1 | D81: 184400 | E81: =D81*C81 -> 184400
A82: SUB-TOTAL | E82: =SUM(E74:E81) -> 600000
A83: GRAND TOTAL | E83: =E72+E82 -> 3205136.7

Sheet DACF-RFG
A1: EXPENDITURE
A2: DACF-RFG (GH₵ 996,270.10.00)
A3: BUDGET LINES | B3: CODES | C3: QTY | D3: UNIT COST | E3: TOTAL COST | F3: JUSIFICATION
A4: SUB-PROGRAMME : SP2.1 Education,Youth & Sports And Library Services
A5: Construction of 1No. 3unit Classroom Block with Store,5-seater Pour flush toilet faciliy and 120 No. Dual Desks for Debiso m/A | C5: 1 | D5: 495774.1 | E5: =C5*D5 -> 495774.1 | F5: To enhance good teaching and learning
A6: Supply of 400 No. Dual Desk to selected Basic Schools. | C6: 1 | D6: 180000 | E6: =C6*D6 -> 180000 | F6: To enhance good teaching and Learning
A7: Construction of 1No.6 Unit Classroom Block with Office,Store and 5-Seater W/C at Queens SHS | D7: 270000 | E7: 270000 | F7: To enhance good teaching and Learning
A8: SUB-PROGRAMME: SP2.2: Public Health Services and Management
A9: Procurement of 8 Delivery Sets for selected CHPS Compunds | C9: 1 | D9: 50496 | E9: =C9*D9 -> 50496 | F9: To bridge the geographical gap in access to health service delivery
E10: =SUM(E5:E9) -> 996270.1

Sheet PWD
A1: EXPENDITURE
A2: PEOPLE WITH DISABILITY TRANSFER (PWDs) GH¢350,000.00
A3: BUDGET LINE | B3: CODE | C3: QTY | D3: UNIT COST | E3: TOTAL COST | F3: JUSTIFICATION
A4: PROGRAMME : SOCIAL SERVICES DELIVERY
A5: SUB-PROGRAMME SP2.5 Social Welfare and Community Services
A6: Allowances | B6: 2210709 | C6: 1 | D6: 9760 | E6: =D6*C6 -> 9760 | F6: To cater for committee's sitting allowance during meetings, allowance for monitoring, allowance for advocacy, workshops/meetings, and motivation for GNAD interpreter
A7: T & T | B7: 2210509 | C7: 1 | D7: 9380 | E7: =D7*C7 -> 9380 | F7: To cater for Needs assessment and Monitoring of PWDs activities, meetings / conferences / workshops/ celebrations and advocacy
A8: Feeding/Refreshment/Water | B8: 2210708 | C8: 1 | D8: 25000 | E8: =D8*C8 -> 25000 | F8: To cater for DFMC's meetings, GFDO's meetings/conferences/workshops/celebrations
A9: Fuel/Hiring of vehicle | B9: 2821009 | C9: 1 | D9: 10000 | E9: =D9*C9 -> 10000 | F9: To cater for Needs assessment and Monitoring of PWDs activities
A10: Office equipment/item | B10: 2821009 | C10: 1 | D10: 4000 | E10: =D10*C10 -> 4000 | F10: To enable desk office carry out PWDs activities effectively and efficiently
A11: Accommodation/Workshops | B11: 2210404 | C11: 1 | D11: 50000 | E11: =D11*C11 -> 50000 | F11: To cater for DFMC members & GFDO's executive Regional and National meetings / conferences/ workshops / celebrations
A12: Medical support | B12: 2821009 | C12: 1 | D12: 21360 | E12: =D12*C12 -> 21360 | F12: To cater for PWDs medical expenses.
A13: Assistive devices | B13: 2821009 | C13: 1 | D13: 10000 | E13: =D13*C13 -> 10000 | F13: To aid the mobility of PWDs
A14: Educational support | B14: 2821009 | C14: 1 | D14: 50000 | E14: =D14*C14 -> 50000 | F14: To support PWDs educational expenses
A15: Apprenticeship support | B15: 2821009 | C15: 1 | D15: 15000 | E15: =D15*C15 -> 15000 | F15: To support PWDs who want to learn a skill/vocation
A16: Income generation activities | B16: 2821009 | C16: 1 | D16: 120000 | E16: =D16*C16 -> 120000 | F16: To establish PWDs in income-generating activities as a start-up or top-up support
A17: Celebration of White Cane & Disability days | B17: 2210711 | C17: 1 | D17: 4000 | E17: =D17*C17 -> 4000 | F17: To create public awareness on issues of disability
... A19: Advocacy/ public education | B19: 2210711 | C19: 1 | D19: 20000 | E19: =D19*C19 -> 20000 | F19: To create public awareness on issues of disability
E20: =SUM(E6:E19) -> 350000

Sheet GoG
A1: EXPENDITURE
A2: GoG TRANSFERS
A3: BUDGET LINE | B3: CODE | C3: QTY | D3: UNIT COST | E3: TOTAL COST GoG | F3: JUSTIFICATION
A4: PROGRAMME : MANAGEMENT AND ADMINISTRATION
A5: SUB-PROGRAMME : SP1.1 General Administration
A6: Established Posts (GoG Paid Salaries) | B6: 2111001 | C6: 12 | D6: 382939.37 | E6: =C6*D6 -> 4595272.5 | F6: To pay salaries of Established Positions
A7: SUB-PROGRAMME: SP1.3 Human Resource Management
A8: Procurement of Office Equipment (Workstation) | B8: 2210102 | C8: 1 | D8: 6000 | E8: =C8*D8 -> 6000 | F8: To help work effectively
A9: Procure 1No. Laptop | B9: 2210102 | C9: 1 | D9: 4000 | E9: =C9*D9 -> 4000 | F9: To help work effectively
E10: =SUM(E8:E9) -> 10000
A11: SUB-PROGRAMME: SP1.4 Planning, Budgeting, Monitoring and Evaluation and Statistics
A12: Purchase of 1 laptop and Printer | B12: 2210102 | C12: 1 | D12: 7500 | E12: =C12*D12 -> 7500 | F12: To help work effectively
A13: Organize traning programme for HODS and Zonal Councils on Basic statistics analysis | B13: 2210702 | C13: 1 | D13: 2500 | E13: =C13*D13 -> 2500 | F13: To help work effectively
E14: =SUM(E12:E13) -> 10000
A15: PROGRAMME: SOCIAL SERVICES DELIVERY
A16: SUB-PROGRAMME: SP2.5 Social Welfare and Community Services
A17: Organize Sensitization Programme on Child Labour and GBV | B17: 2210711 | C17: 2 | D17: 2000 | E17: =D17*C17 -> 4000
A18: Monitoring of Flagship Programmes eg. LEAP | B18: 2210509 | C18: 4 | D18: 500 | E18: =D18*C18 -> 2000
A19: Fuel | B19: 2210505 | C19: 4 | D19: 350 | E19: =D19*C19 -> 1400
A20: Maintenance of Office Equipment | B20: 2210623 | C20: 1 | D20: 600 | E20: =D20*C20 -> 600
A21: Purchase of 1 laptop | B21: 2210623 | C21: 1 | D21: 9000 | E21: =C21*D21 -> 9000
A22: Purchase of 2 Visitor's chair | B22: 2210102 | C22: 2 | D22: 2000 | E22: =C22*D22 -> 4000
A23: Purchase of Office equipment | B23: 2210102 | C23: 1 | D23: 4000 | E23: =D23*C23 -> 4000
E24: =SUM(E17:E23) -> 25000
A25: PROGRAMME : INFRASTRUCTURE DELIVERY AND MANAGEMENT
A26: SUB-PROGRAMME : SP3.1 Roads and Transport services GH₵30,000.00
A27: Departmental Meetings and Workshops | B27: 2210709 | C27: 4 | D27: 500 | E27: =D27*C27 -> 2000 | H27: =G27/4 -> 0
A28: Local travel cost for data collection and inventory | B28: 2210511 | C28: 2 | D28: 2000 | E28: =D28*C28 -> 4000 | H28: =G28/4 -> 0
A29: Fuel &Lubricant | B29: 2210503 | C29: 4 | D29: 4000 | E29: =D29*C29 -> 16000 | H29: =G29/4 -> 0
A30: Office equipment and logistics | B30: 2210102 | C30: 4 | D30: 2000 | E30: =D30*C30 -> 8000 | H30: =G30/4 -> 0
A32: SUB-PROGRAMME : SP3.2 Physical and Spatial Planning Development GH₵18,000.00
A33: Procurement of office equipment | B33: 2210102 | C33: 1 | D33: 18000 | E33: =D33*C33 -> 18000 | F33: Tools for Town & country activities
E34: =SUM(E33) -> 18000
A35: SUB-PROGRAMME:SP3:3 Public Works, Rural Housing and Water Development GH₵20,000.00
A36: Office equipment and logistics | B36: 2210102 | C36: 1 | D36: 4000 | E36: =C36*D36 -> 4000 | F36: To procure printer to enhance productivity
A37: Data Collection on Temporal Structures | C37: 1 | D37: 3000 | E37: =C37*D37 -> 3000
A38: Monitoring & Supervision Execise | C38: 1 | D38: 13000 | E38: =C38*D38 -> 13000
A39: PROGRAMME: P4. ECONOMIC DEVELOPMENT
A40: SP4.1 Agricultural Services and Management
A41: Conduct one demonstration set up by 7 AEAs | B41: 2210711 | C41: 7 | D41: 500 | E41: =C41*D41 -> 3500 | F41: Agricultural and Rural Development
A42: Organize training for 7 AEAs, 8MAOs and 35 farmers | B42: 2210709 | C42: 1 | D42: 6300 | E42: =C42*D42 -> 6300 | F42: Train 20 farmers on GAPs in vegetable production and and 15 farmers ( males, females, PWDs and youth) on health effects on pesticides
A43: Organize quarterly Technical Review Meeting | B43: 2210709 | C43: 4 | D43: 800 | E43: =C43*D43 -> 3200 | F43: To cater for quarterly Technical Review Meeting
A44: Purchase of Office Equipments ( chairs and Tables) | B44: 2210102 | C44: 2 | D44: 4500 | E44: =C44*D44 -> 9000
A45: Conduct quarterly running and maintenance of vehicle | B45: 2210502 | C45: 4 | D45: 2000 | E45: =C45*D45 -> 8000 | F45: Insurance, roadworthy, safety guard, maintenace cost, tyres and fuel
E46: =SUM(E41:E45) -> 30000
A47: Night allowance | B47: 2210510 | C47: 4 | D47: 1387.5 | E47: =C47*D47 -> 5550 | F47: To cater for out of station allowance
A49: Asset Transfer GH¢25,180
A50: Office Equipment | B50: 3112211 | C50: 1 | D50: 15000 | E50: 15000
A51: Computers and Accessories | B51: 3112208 | C51: 1 | D51: 10180 | E51: 10180
A52: GRAND TOTAL | E52: =E6+E10+E14+E24+E27+E28+E29+E30+E34+E36+E37+E38+E46+E50+E51 -> 4763452.5
A53: UNICEF-Child Right & Protection | B53: 2210711 | C53: 1 | D53: 30000 | E53: 30000 | F53: To cater for Child Right & Protection activities
A54: TOTAL | E54: =SUM(E53) -> 30000

Sheet MDF
A1: EXPENDITURE
A2: Mineral Development Fund (GH¢2,185,427.85)
A3: BUDGET LINE | B3: CODE | C3: QTY | D3: UNIT COST | E3: TOTAL COST | F3: JUSTIFICATION | H3: 1949174
A4: SUB PROGRAMME:SP1.1 General Administration
A5: Running Cost | B5: 2210505 | C5: 12 | D5: 7507 | E5: =D5*C5 -> 90084 | F5: Fuel for official vehicles
A6: Refreshments | B6: 2210708 | C6: 4 | D6: 5000 | E6: =D6*C6 -> 20000 | F6: Refreshments for meetings
A7: Meetings/Conference/Workshops | B7: 2210709 | C7: 4 | D7: 6000 | E7: =D7*C7 -> 24000 | F7: To enable the Assembly orgainise its various meetings
A8: Data collection and property updating | B8: 2210511 | C8: 1 | D8: 35000 | E8: =D8*C8 -> 35000 | F8: To update ratable properties (Moveable & Inmoveable)
A9: Publicity/Advertisement | B9: 2210910 | C9: 2 | D9: 1250 | E9: =D9*C9 -> 2500 | F9: To enable the Assembly advertise for its projects in dailies & websites
A10: Maintenance and repairs of official vehicle | B10: 2210502 | C10: 4 | D10: 6500 | E10: =D10*C10 -> 26000 | F10: To cater for the routine maintenance of official vehicles
A11: SUB-PROGRAMME:SP3.3 Public Works,Rural Housing and water Management
A12: Rehabilitation/Reshaping of feeder roads (40km) | B12: 3111360 | C12: 4 | D12: 25000 | E12: =D12*C12 -> 100000 | F12: To create access
A13: SUB-PROGRAMME:SP2.1Education,Youth & Sports and Library Services
A14: Construction of 1No. 6unit classroom block with Office,Store and 5-Seater W/C at Bibiani | B14: 3111256 | C14: 1 | D14: 1200000 | E14: =D14*C14 -> 1200000 | F14: To improve quality of teaching and learning
A15: Construction of 1No. 3unit classroom block with Office,Store and 5-Seater W/C at Hwenapori JHS | B15: 3111256 | C15: 1 | D15: 550000 | E15: =D15*C15 -> 550000 | F15: To improve quality of teaching and learning
A16: SP2.3 Environmental Health and sanitation Services
A17: Renovation of New Station Urinal | B17: 3111353 | C17: 1 | D17: 30795.97 | E17: =D17*C17 -> 30795.97 | F17: To improve on the hygienic condition
A18: Train farmers on climate smart agriculture | B18: 2210711 | C18: 1 | D18: 15000 | E18: =D18*C18 -> 15000 | F18: To ensure sustainable agriculture
A19: Intensify public awareness on climate change | B19: 2210711 | C19: 1 | D19: 20000 | E19: =D19*C19 -> 20000 | F19: To enhance climate change activities
A20: Support forestry commission to monitor mining and logging | B20: 2210711 | C20: 1 | D20: 30000 | E20: =D20*C20 -> 30000
A21: SUB-PROGRAMMESP2.5 Social Welfare and Community Services
A22: Train and empower 20 women in the Municipality | B22: 2210710 | C22: 1 | D22: 32047.88 | E22: =C22*D22 -> 32047.88 | F22: To empower women
A23: Sensitize women on gender & social issues | B23: 2210711 | C23: 4 | D23: 2500 | E23: =D23*C23 -> 10000 | F23: To bridge the gap between men and women in development
E24: =SUM(E5:E23) -> 2185427.8

Sheet All Funding Source
A2: REVENUE | E2: GOG G&S
A3: ITEM | B3: BUDGET | D3: HR | E3: 10000
A4: IGF | B4: 2,554.531.40 | D4: STATISTICS | E4: 10000
A5: Stool Land | B5: 967600 | D5: CDSW | E5: 25000
A6: Compensation Transfer | B6: 4595272.5 | D6: URBAN ROAD | E6: 30000
A7: Goods and Services Transfer | B7: 143000 | D7: PHYSICAL PLAN. | E7: 18000
A8: Assets Transfer | B8: 25180 | D8: WORKS | E8: 20000
A9: DACF | B9: 2605136.7 | D9: AGRIC DEPT. | E9: 30000
A10: MP-CF | B10: 600000 | E10: =SUM(E3:E9) -> 143000
A11: PWD-CF | B11: 300000
A12: DACF-RFG | B12: 996270
A13: Other Transfers
A14: UNICEF | B14: 30000
A15: MDF | B15: 2185427.9
A16: Total | B16: =SUM(B5:B15) -> 12447887

Sheet Sheet2
A2: =IGF!E120 -> 3562431.4
A3: ='DACF and MP'!E72 -> 2605136.7
A4: ='DACF and MP'!E82 -> 600000
A5: ='DACF-RFG'!#REF! -> #REF!
A6: =PWD!E20 -> 350000
A7: =GoG!E6 -> 4595272.5
A8: 25180
A9: 89000 | B9: =A7+A8+A9 -> 4709452.5
A10: =#REF! -> #REF!
A11: =MDF!E24 -> 2185427.8
A12: =SUM(A2:A11) -> #REF!

Sheet 2023 Composit
A2: EXPENDITURE
A3: INTERNALLY GENERATED FUND (IGF) AND STOOL LAND REVENUES = (GH₵3,522,431.40)
A4: PROGRAMME : MANAGEMENT AND ADMINISTRATION
A5: SUB-PROGRAMME : SP1.1 General Administration
A6: BUDGET LINE | B6: CODE | C6: QTY | D6: UNIT COST (GH¢) | E6: TOTAL COST(GH¢) | F6: JUSTIFICATION
A7: Provision for Allowances/ Honorarium | B7: 2111248 | C7: 12 | D7: 500 | E7: =D7*C7 -> 6000 | F7: To cater for the allowance & honorarium for workdone
A8: Transfer Grant | B8: 2111243 | C8: 4 | D8: 10000 | E8: =D8*C8 -> 40000 | F8: To cater for Non-availability & grants
A9: Commissions | B9: 2111225 | C9: 12 | D9: 16700 | E9: =D9*C9 -> 200400 | F9: To pay for revenue consultants & commission collectors
A10: Contributions | B10: 2821010 | C10: 12 | D10: 5000 | E10: =D10*C10 -> 60000 | F10: To support in communities activities
A11: Donation | B11: 2821009 | C11: 12 | D11: 7000 | E11: =D11*C11 -> 84000 | F11: To support activities of organisations and groups
A12: Stationery | B12: 2210101 | C12: 2 | D12: 30000 | E12: =D12*C12 -> 60000 | F12: To procure stationery for office use
A13: Refreshment Items | B13: 2210103 | C13: 4 | D13: 5000 | E13: =C13*D13 -> 20000 | F13: Purchase of food stuffs to official guests
A14: Electricity charges | B14: 2210201 | C14: 12 | D14: 17000 | E14: =C14*D14 -> 204000 | F14: To pay for Electricity bills
A15: Water charges | B15: 2210202 | C15: 12 | D15: 600 | E15: =D15*C15 -> 7200 | F15: To pay for water bills
A16: Internet charges | B16: 2210203 | C16: 12 | D16: 400 | E16: =D16*C16 -> 4800 | F16: To pay for communication charges
A17: Postal charges | B17: 2210204 | C17: 12 | D17: 170 | E17: =D17*C17 -> 2040 | F17: To pay for postal charges
A18: Bank Charges | B18: 2211011 | C18: 1 | D18: 2000 | E18: =D18*C18 -> 2000 | F18: To cater for bank charges
A19: Hotel Accommodation | B19: 2210404 | C19: 12 | D19: 3750 | E19: =D19*C19 -> 45000 | F19: Accommodation for official guests
A20: Residential Accommodation | B20: 2210402 | C20: 4 | D20: 3000 | E20: =D20*C20 -> 12000 | F20: Rent of accommodation for newly posted staff
A21: Office Accommodation | B21: 2210401 | C21: 4 | D21: 3750 | E21: =D21*C21 -> 15000 | F21: Rent of Office for area councils, dept, unit, etc
A22: Rental of other Transport | B22: 2210406 | C22: 1 | D22: 32040 | E22: =D22*C22 -> 32040 | F22: To pay for rent of vehicles for official travels
A23: Local Travel Cost | B23: 2210511 | C23: 12 | D23: 7500 | E23: =C23*D23 -> 90000 | F23: T&T for workshops, meetings, monitoring etc
A24: Night Allowance | B24: 2210510 | C24: 12 | D24: 8500 | E24: =C24*D24 -> 102000 | F24: Allowance for spending a night out of the home
A25: Fuel & Rubricant | B25: 2210503 | C25: 12 | D25: 7000 | E25: =C25*D25 -> 84000 | F25: To cater for rubrication & routine servicing of official vehicles
A26: Maint. & Repairs of official vehicle | B26: 2210502 | C26: 12 | D26: 5000 | E26: =C26*D26 -> 60000 | F26: To cater for general maintenance & repairs of official vehicles
A27: Running Cost | B27: 2210505 | C27: 52 | D27: 3800 | E27: =C27*D27 -> 197600 | F27: Fuel for official vehicles
A28: Maintenace of office equipment | B28: 2210623 | C28: 12 | D28: 2000 | E28: =C28*D28 -> 24000 | F28: Repairs of office equipment
A29: Purchase of petty tools | B29: 2210120 | C29: 4 | D29: 750 | E29: =C29*D29 -> 3000 | F29: For locks, pins, extension boards
A30: Repairs of street light and Purchase of poles to communities | B30: 2210617 | C30: 4 | D30: 13750 | E30: =C30*D30 -> 55000 | F30: To repair of street lights in communities to make them safe at night.
A31: Refreshments | B31: 2210708 | C31: 52 | D31: 1300 | E31: =C31*D31 -> 67600 | F31: Refreshments for meetings, official guest,
A32: Provision for official Day Celebrations | B32: 2210902 | C32: 6 | D32: 2600 | E32: =C32*D32 -> 15600 | F32: Organization and celebration of all statutory occasions (May day, 6th March, )
A33: Staff Welfare | B33: 2731102 | C33: 4 | D33: 5000 | E33: =C33*D33 -> 20000 | F33: To promote the welfare of staff
A34: Bibiani/Bekwai market stores rehabilitation | B34: 3111304 | C34: 1 | D34: 100000 | E34: =C34*D34 -> 100000 | F34: To improve conditions of the market stores & promote their lifespan and enhance IGF mobilization
A35: Self-help & community initiative projects | B35: 2210108 | C35: 2 | D35: 29952.8 | E35: =C35*D35 -> 59905.6 | F35: To assist communities to complete their self-initiated projects
A36: Unplanned activities | B36: 2211202 | C36: 1 | D36: 104699.04 | E36: 50000 | F36: To cater for unbudgeted activities
A37: RADIO
A38: Procurement of Air conditioner(2.OHP) and Steel cabinet | B38: 3112212 | C38: 1 | D38: 3900 | E38: =D38*C38 -> 3900 | F38: The air conditioner is needed to cool the radio equipment and keep filed messages
A39: STATISTIC DEPARTMENT
A40: Conduct of monthly market readings at Sefwi Bekwai | B40: 2210511 | C40: 12 | D40: 250 | E40: =C40*D40 -> 3000 | F40: Payment of allowance for two statisticians and a driver
A41: Conduct of Municipal wide Business Registration update | B41: 2210709 | C41: 1 | D41: 5000 | E41: =D41*C41 -> 5000 | F41: the exercise will provide update to the existing database for the Assembly Annual Fee-Fixing
A42: SUB-PROGRAMME : SP1.3: Human Resource Management
A43: Training, sensitization and orientation. | B43: 2210710 | C43: 4 | D43: 4250 | E43: =C43*D43 -> 17000 | F43: To bridge capacity gap
A44: Promotion activities | B44: 2210709 | C44: 17 | D44: 300 | E44: 5100 | F44: Promotion fee for no. of staff due for promotion in the 2022 administrative year.
A45: Overtime Allowance | B45: 2111238 | C45: 12 | D45: 558 | E45: =D45*C45 -> 6696 | F45: For watchmen & cleaners
A46: Official trips to lgs,cagd | B46: 2210509 | C46: 12 | D46: 810 | E46: =D46*C46 -> 9720 | F46: To send input forms and official correpondence to lgs and cagd.
A47: Staff validation, hrmis,sending data via internet | B47: 2210203 | C47: 12 | D47: 200 | E47: =D47*C47 -> 2400 | F47: To purchase data for monthly staff validation, updating and back up of hrmis and sending of data, staff information via internet to lgs and rcc
A48: Monthly paid & casual labour | B48: 2111102 | C48: 12 | D48: 27500 | E48: =C48*D48 -> 330000 | F48: To pay for wages assembly’s local staff
A49: 13% ssf contribution | B49: 2121001 | C49: 12 | D49: 3575 | E49: =C49*D49 -> 42900 | F49: To pay for ssnit contribution of local staff
A50: SUB-PROGRAMME :SP1.4 Planning, Budgeting, Monitoring and Evaluation and Statistics
A51: Provision for preparation of 2024 Composite Budget and Fee-fixing resolution | B51: 2210709 | C51: 1 | D51: 8000 | E51: =C51*D51 -> 8000 | F51: To cater for all activities related to the preparation of the 2023 Composite Budget
A52: Implementation of MPCU programme of action and activities | B52: 2210709 | C52: 4 | D52: 2000 | E52: =C52*D52 -> 8000 | F52: This amount is meant to meet the cost of conducting MPCU Quarterly Meetings, MPCU Quarterly Monitoring& Evaluation, Participatory M&E and other activities of the MPCU for 2022
A53: Organisation of Town Hall Meetings | B53: 2210711 | C53: 2 | D53: 5000 | E53: =C53*D53 -> 10000 | F53: This amount is meant to meet the cost of conducting Mandatory First and Third Quarter Town Hall Meetings for 2022
A54: Organisation of Meet the Press Series | B54: 2210711 | C54: 2 | D54: 5000 | E54: =C54*D54 -> 10000 | F54: This amount is meant to meet the cost of conducting Two Meet the Press Series to deepen popular participation and ensure social accountability for 2022
A55: Monitoring and Evaluation activities | B55: 2210709 | C55: 1 | D55: 40000 | E55: =D55*C55 -> 40000 | F55: This amount is meant to meet the cost of monitoring and evaluation activities
A56: Traveling Cost | B56: 2210511 | C56: 12 | D56: 700 | E56: =D56*C56 -> 8400 | F56: T&T for the submission of monthly progress report
A57: Support to GIZ Programmes | B57: 2210709 | C57: 1 | D57: 31489.4 | E57: =C57*D57 -> 31489.4 | F57: To support collaborative programme with GIZ
A58: Implementation of revenue mobilization improvement action plan | B58: 2210711 | C58: 1 | D58: 8247.2 | E58: =D58*C58 -> 8247.2 | F58: To cater for the implementation of RIAP in order to improve IGF performance
A59: SP1.5 Legislative Oversights
A60: Meetings (General Assembly& Other meetings) | B60: 2210709 | C60: 4 | D60: 60000 | E60: =D60*C60 -> 240000 | F60: To service AG, Exco and sub committee meetings
A61: Gazzeting of Fee-Fixing | B61: 2210910 | C61: 1 | D61: 25000 | E61: =D61*C61 -> 25000 | F61: To pay for gazzeting of fee-fixing resolution & Bye laws to ensure good governance
A62: Support to Traditional Authorities | B62: 2821009 | C62: 4 | D62: 5000 | E62: =D62*C62 -> 20000 | F62: Payment to support Traditional Authorities
A65: PROCUREMENT AND STORES
A66: Office Facilities, Supplies & Accessories | B66: 2210102 | C66: 2 | D66: 2500 | E66: =D66*C66 -> 5000 | F66: Photocopier and Scanner
A67: Procurement of Security Uniforms and Cloth for Assembly | B67: 2210121 | C67: 2 | D67: 7000 | E67: =D67*C67 -> 14000 | F67: To procurement Security Uniforms and Cloth for Assembly
A68: Workshop | B68: 2210710 | C68: 4 | D68: 1000 | E68: =D68*C68 -> 4000 | F68: To acquire knowledge on new things borthering our work or to be more innovative.
A69: Publicity/Advertisement | B69: 2210910 | C69: 4 | D69: 2500 | E69: =D69*C69 -> 10000 | F69: Advertisement on new projects in the print media and Public Procurement Authority website.
A70: MIS
A71: Office Facilities, Supplies & Accessories | B71: 2210102 | C71: 2 | D71: 42500 | E71: =D71*C71 -> 85000 | F71: To procure MTN turbonet Router, monthly internet subscription, networking of ten offices
A72: SUB-PROGRAMME : SP1.2: Finance and Audit
A73: Local travel cost | B73: 2210511 | C73: 12 | D73: 1500 | E73: =D73*C73 -> 18000 | F73: T&t for monthly report submission
A74: Value Books | B74: 2210122 | C74: 4 | D74: 4000 | E74: =D74*C74 -> 16000 | F74: To pay for the GCR, & other materials
A75: Clothing & Uniforms | B75: 2210121 | C75: 1 | D75: 5000 | E75: =D75*C75 -> 5000 | F75: To pay for the uniforms for Sweepers & Revenue Collectors
A76: PROGRAMME : INFRASTRUCTURE DELIVERY AND MANAGEMENT
A77: SUB-PROGRAMME : SP3.1 Roads and Transport services
A78: Rehabilitation/Reshaping of feeder roads (20km) | B78: 2210601 | C78: 4 | D78: 17550 | E78: =C78*D78 -> 70200 | F78: To cater for fuel and lubricants to undertake reshaping of 20km feeder roads in the municipality and also build some culvert.
A79: SP3.2 Physical and Spatial Planning Development
A80: Local travel cost | B80: 2210509 | E80: 5000
A81: Organizing technical sub committee, spatial planning committee meetings and site inspection exercise | B81: 2210709 | C81: 10 | D81: 2200 | E81: =C81*D81 -> 22000
A82: Acquisition of lands ,base maps etc | B82: 3141101 | C82: 1 | D82: 130000 | E82: =C82*D82 -> 130000 | F82: To pay for land compensation
A83: Valuation & Re- valuation of properties | B83: 2210908 | C83: 1 | D83: 50000 | E83: =D83*C83 -> 50000 | F83: To re-value residential and commecial properties in the Municipality
A84: Landscaping & Gardening | B84: 3113103 | C84: 1 | D84: 2000 | E84: =D84*C84 -> 2000 | F84: For landscaping activities
A85: SUB-PROGRAMME : SP3.3 Public Works, Rural Housing and Water Management
A86: Meeting | B86: 2210709 | C86: 3 | D86: 150 | E86: =D86*C86 -> 450 | F86: To cater for allowance of departmental meeting
A87: Supervision | B87: 2210511 | C87: 4 | D87: 5000 | E87: =C87*D87 -> 20000 | F87: To cater for allowance to undertake supervision works (EPA)
A88: Provision for vehicle insurance cover | B88: 2211304 | C88: 1 | D88: 30000 | E88: =C88*D88 -> 30000 | F88: To pay for insurance cover of the official vehicles
A89: Data collection on termporal structures and bill boards | B89: 2210511 | C89: 5 | D89: 1000 | E89: =C89*D89 -> 5000 | F89: To cater for allowance to undertake supervison and inventory
A90: Fuel &Lubricant | B90: 2210503 | C90: 4 | D90: 2500 | E90: =D90*C90 -> 10000 | F90: The amount is to cater for fuel & lubricant to undertake supervion and inventory works
A91: Office Equipments &logistics | B91: 2210102 | C91: 2 | D91: 3510.1 | E91: =D91*C91 -> 7020.2 | F91: To procure office printer and desktop computer to enhance productivity.
A92: Maintenance of Official Vehicles | B92: 2210502 | C92: 4 | D92: 8319 | E92: =D92*C92 -> 33276 | F92: Repairs & servicing of official vehicles
A93: Local travel cost | B93: 2210511 | C93: 12 | D93: 416 | E93: =D93*C93 -> 4992
A94: Const. of Area council office at Bibiani and Bekwai | B94: 3111255 | C94: 1 | D94: 203505 | E94: =D94*C94 -> 203505 | F94: To accommodate officers
A95: Renovation of staff bungalows | B95: 3111103 | C95: 2 | D95: 20000 | E95: =D95*C95 -> 40000 | F95: To help retain staff to improve productivity
A96: PROGRAMME : SOCIAL SERVICES DELIVERY
A97: SUB-PROGRAMME : SP2.1 Education, youth & sports and Library services
A98: Monitoring of School Progress and Activities | B98: 2821010 | C98: 1 | D98: 8000 | E98: =D98*C98 -> 8000 | F98: To ensure strict Adherence to Professional Standards and Ethtics
A99: SP2.3 Environmental Health and sanitation Services
A100: Procurement of 2 No. refuse containers and sanitary tools | B100: 2210616 | C100: 2 | D100: 14000 | E100: =D100*C100 -> 28000 | F100: To prevent spill overs
A101: Cleaning Materials | B101: 2210301 | C101: 12 | D101: 712.5 | E101: =D101*C101 -> 8550 | F101: To buy toiletries for the cleaning of the offices
A102: Local travel cost | B102: 2210511 | C102: 4 | D102: 1000 | E102: =D102*C102 -> 4000
A103: Solid and Liquid Waste Management | B103: 2210612 | C103: 12 | D103: 2000 | E103: =D103*C103 -> 24000 | F103: Pushing of refuse /Disloging of toilets
...

Sheet Sheet1
A2: DISTRICT ASSEMBLY COMMON FUND (DACF) =(GH₵2,605,136.67)
A3: BUDGET LINE | B3: CODE | C3: QTY | D3: UNIT COST (GH¢) | E3: TOTAL COST(GH¢) | F3: JUSTIFICATION
A4: MANDATORY ALLOCATIONS
A5: Self-help and community initiated projects (5%) | B5: 2821010 | C5: 1 | D5: 130256.83 | E5: =D5*C5 -> 130256.83 | F5: To assist communities to complete their self-initiated projects
A6: Support for District Education Fund (2%)= 52,102.73
A7: Organise STMIE camping for 10 Selected Pupils in the Municipal | B7: 2821010 | C7: 1 | D7: 7348.65 | E7: =D7*C7 -> 7348.65 | F7: This will help to identify and nurture young innovators to add value to the country's resources
A8: Organise Sports Festival for Basic Schools in the Municipal and SHEP Exercise | B8: 2821010 | C8: 1 | D8: 10000 | E8: =D8*C8 -> 10000 | F8: The essence of sports is develop the motor skills, build Self - Confidence and harnes future athetes
A9: Workshop on Girl Child | B9: 2210710 | C9: 1 | D9: 1754.08 | E9: =D9*C9 -> 1754.08 | F9: This would ensure the retention of girl child in our schools
A10: Organize Mock Exams | B10: 2821010 | C10: 1 | D10: 18000 | E10: =D10*C10 -> 18000 | F10: Cultural activities expose pupils to their traditions and norms and build their confidence
A11: Monitoring of School Progress and Activities (My First Day at School) | B11: 2821010 | C11: 1 | D11: 15000 | E11: =C11*D11 -> 15000 | F11: To ensure strict Adherence to Professional Standards and Ethitics
A12: Support for Town/Zonal Councils (2%) = GH 52,102.73
A13: Support to Area council activities | B13: 2821010 | C13: 1 | D13: 52102.73 | E13: =D13*C13 -> 52102.73 | F13: For effective running and strenthening of zonal councils
A14: Support For Malaria programmes (0.5%) = GH 13,025.68
A15: Malaria programmes (0.5%) | B15: 2821010 | C15: 1 | D15: 13025.68 | E15: =D15*C15 -> 13025.68 | F15: To support malaria control program in the Municipality
A16: ECONOMIC
A17: TRADE AND INDUSTRY (BAC)
A18: Construction of Slaughter House (PPP) | B18: 3111257 | C18: 1 | D18: 100000 | E18: =C18*D18 -> 100000
A19: Rehabilitation of Bibiani and Bekwai Markets | B19: 3111354 | C19: 1 | D19: 100000 | E19: =C19*D19 -> 100000 | F19: To boost economic activities in the Municipality
A20: Construction of 20 units market Stalls at Wenchi | B20: 3111354 | C20: 1 | D20: 335000 | E20: =C20*D20 -> 335000 | F20: To boost economic activities in the Municipality
A21: Support to Local Economic Development | B21: 2821010 | C21: 1 | D21: 50984.95 | E21: =C21*D21 -> 50984.95 | F21: To boost economic activities in the Municipality | H21: 50985.35
A22: ENERGY | H22: 0.4
A23: Purcahse of Generator | B23: 3112206 | C23: 1 | D23: 50000 | E23: =C23*D23 -> 50000 | H23: =H21-H22 -> 50984.95
A24: Supply,Installation and maintenance of street lights | B24: 2210617 | C24: 1 | D24: 100000 | E24: =D24*C24 -> 100000 | F24: To repair of street lights in communities to make them safe at night.
A25: AGRICULTURE
A26: Support to Agricultural Extension Activities (Monitoring and Dissemiation of extention information) | B26: 2210711 | C26: 1 | D26: 25000 | E26: =C26*D26 -> 25000 | F26: To increase in agriculrural productivity
A27: Organization of annual Farmers Day celebration | B27: 2210902 | C27: 1 | D27: 50000 | E27: =D27*C27 -> 50000 | F27: Support to the Agric Dept. for the Farmers Day celebration in the district
A28: Support for planting for food, jobs & investment and other agricultural programmes | B28: 2821010 | C28: 1 | D28: 55000 | E28: =D28*C28 -> 55000 | F28: To support planting for food, jobs & investment activities
A29: SERVICE
A30: Valuation & Re- valuation of properties | B30: 2210908 | C30: 1 | D30: 40000 | E30: =D30*C30 -> 40000 | F30: To re-value residential and commecial properties in the Municipality
A31: Provision for official Day Celebrations | B31: 2210902 | C31: 2 | D31: 50000 | E31: =D31*C31 -> 100000 | F31: Organization and celebration of all statutory occasions
A32: Support to other Departments of the Assembly | B32: 2821010 | C32: 1 | D32: 40000 | E32: =D32*C32 -> 40000 | F32: Fire service,Police, Immigration, Forestry etc.
A33: Support for MUSEC activities and Election Contigency | B33: 2210709 | C33: 1 | D33: 95000 | E33: =D33*C33 -> 95000 | F33: To help combact crimes in the Municipality and maintain peace.
A34: Protocol Services | B34: 2210901 | C34: 2 | D34: 40000 | E34: =D34*C34 -> 80000 | F34: To cater for external Monitoring teams and other official activities
A36: Street naming and property numbering | B36: 2821018 | C36: 1 | D36: 40000 | E36: =D36*C36 -> 40000 | F36: To improve accessibility in the town and improve IGF
A37: Bank Charges | B37: 2211101 | C37: 1 | D37: 1000 | E37: =D37*C37 -> 1000 | F37: To cater for bank charges
A38: Support to disaster victims | B38: 2821010 | C38: 1 | D38: 40000 | E38: 40000 | F38: To enable NADMO respond to and mitigate the impact of disasters on people, and to celebrate World Disaster Day
A39: ROADS
A40: Reshaping/Rehabilitation of 50km Feeder roads in the Municipal | B40: 2210601 | C40: 1 | D40: 200000 | E40: =D40*C40 -> 200000 | F40: To cater for fuel and lubricants to undertake reshaping of 100km feeder roads in the municipality and also build some culverts
A41: SOCIAL SECTOR
A42: HEALTH
A43: Support to HIV/AIDs related activities | B43: 2210711 | C43: 1 | D43: 19249.41 | E43: =C43*D43 -> 19249.41 | F43: To support HIV/AIDs control program in the Municipality
A44: WATER
A45: Rehabilitation of 6No.boreholes | B45: 3113110 | C45: 1 | D45: 30000 | E45: =D45*C45 -> 30000 | F45: To help repair broken down boreholes in the Municipality
A46: ADMINISTRATION 10% = ( GHC 260,513.67)
A48: Rehabilitate and refurbish Assembly Hall and provide two modern urinals | B48: 2210612 | C48: 1 | D48: 100000 | E48: =C48*D48 -> 100000 | F48: To bring the Assembly to its befitting status
A49: Renovation of Assembly's Bungalows and Offices | B49: 2210602 | C49: 1 | D49: 120513.67 | E49: =C49*D49 -> 120513.67 | F49: To motivate and encourage staff to stay and work
A50: Procurement of Furnitures for offices | B50: 3113160 | C50: 1 | D50: 40000 | E50: =C50*D50 -> 40000 | F50: For officers to have sitting place
A52: RECURRENT 10% = ( GH₵ 260,513.67)
A53: HUMAN RESOURCE DEV'T
A54: Training, Sensitization and Workshop | B54: 2210710 | C54: 1 | D54: 25000 | E54: =D54*C54 -> 25000 | F54: To Bridge Capacity Gap
A55: Provision for office materials (Stationaries) | B55: 2210111 | C55: 1 | D55: 16819.01 | E55: =D55*C55 -> 16819.01 | F55: Office Facilities, Supplies & Accessories
A56: EQUIPMENT
A57: Procurement of logistics (2-No servers, UPS & Networking Equipments and Canon Photocopier) | B57: 3112204 | C57: 1 | D57: 18250 | E57: =D57*C57 -> 18250 | F57: building of Intercom, Website Installation and effective running of the office
A58: Office Facilities, Supplies & Accessories | B58: 3112208 | C58: 1 | D58: 46770.42 | E58: =D58*C58 -> 46770.42 | F58: To procure 4 desktop, 3 laptop computers, 4 printers,
A59: Maintenance of general equipment | B59: 2210606 | C59: 1 | D59: 11674.24 | E59: =D59*C59 -> 11674.24 | F59: This is to cater for maintenance of office equipment
A60: Maintenance of vehicle | B60: 2210505 | C60: 2 | D60: 20000 | E60: =D60*C60 -> 40000 | F60: To cater for general maintenance & repairs of official vehicles
A61: PROJECT MANAGEMENT
A62: Provision for preparation of Mid Year Review, 2024 Composite Budget and Fee-fixing Resolution | B62: 2210709 | C62: 1 | D62: 20000 | E62: =D62*C62 -> 20000 | F62: To cater for all activities related to the preparation of the 2024 Composite Budget
A63: Stakeholder and Community engagement on plan and Budget Implementation | B63: 2210711 | C63: 1 | D63: 25000 | E63: =C63*D63 -> 25000 | F63: Promote accountability
A64: Project Monitoring and Evaluation | B64: 2210709 | C64: 4 | D64: 7500 | E64: =C64*D64 -> 30000 | F64: Effective project implementation
A65: Provision for MPCU and preparation of 2024 Plan and activities | B65: 2210709 | C65: 4 | D65: 5000 | E65: =D65*C65 -> 20000 | F65: This amount is meant to meet the cost of MPCU, Monitoring and Evaluation
A66: Installation and Maintainance of software/local consultants fees | B66: 2210801 | C66: 1 | D66: 12000 | E66: =D66*C66 -> 12000 | F66: To update and maintain softwares for official activities
A67: ENVIRONMENT
A68: SANITATION
A69: Fuel | B69: 2210503 | C69: 1 | D69: 88387 | E69: =D69*C69 -> 88387
A70: Contract with ZOOMLION/ WASTE LANDFILL LTD (Pushing and Leveling of Final Disposal Site) | B70: 2210302 | C70: 1 | D70: 80000 | E70: =D70*C70 -> 80000 | F70: To waste landfill activities
A71: Solid & Liquid Waste Management | B71: 2210205 | C71: 2 | D71: 45000 | E71: =D71*C71 -> 90000 | F71: To manage final disposal site
A72: Sanitation equipment to the Environmental Health unit | B72: 2210301 | C72: 1 | D72: 7000 | E72: =D72*C72 -> 7000 | F72: To help in effective delivery of their delivery
A73: Procurement of 1 Ambient Metre for Controlling Noise | B73: 2210709 | C73: 1 | D73: 15000 | E73: =C73*D73 -> 15000
A74: SUB-TOTAL | E74: =SUM(E5:E73) -> 2605136.7 | F74: 2605136.7
A75: MP's CF = GH₵ 600,000.00 | H75: =E74-F74 -> 0
A76: Support to Education | B76: 2821010 | C76: 4 | D76: 25000 | E76: =D76*C76 -> 100000 | F76: Support to brilliant but needy students | G76: =#REF!/6 -> #REF!
A77: Contributions | B77: 2821010 | C77: 12 | D77: 5300 | E77: =D77*C77 -> 63600 | F77: To support in communities' activities | G77: =#REF!/12 -> #REF!
A78: Medical Support | B78: 2821009 | C78: 6 | D78: 3334 | E78: =D78*C78 -> 20004 | F78: To assist needy people pay their medical bills | G78: =#REF!/6 -> #REF!
A79: Bank charges | B79: 2211101 | C79: 1 | D79: 1400 | E79: =D79*C79 -> 1400 | F79: To cater for bank charges
A80: Support Vulnerable to get NHIS Cards | B80: 2821009 | C80: 1 | D80: 36526 | E80: =D80*C80 -> 36526 | F80: To assist needy people
A81: Donation | B81: 2821009 | C81: 5 | D81: 20000 | E81: =D81*C81 -> 100000 | F81: To support activities of organisations and groups
A82: Support to MPs Developmental project | B82: 2210607 | C82: 1 | D82: 278470 | E82: =D82*C82 -> 278470
A83: SUB-TOTAL | E83: =SUM(E76:E82) -> 600000
A84: GRAND TOTAL | E84: =E74+E83 -> 3205136.7
